 Dungeon Crawl Stone Soup version 0.16.2-12-gd0ad4c3 (webtiles) character file.

287 HAWKINGL3623 the Shooter (level 6, -16/50 HPs)
             Began as a Centaur Hunter on Oct 31, 2016.
             Demolished by KappaTini's ghost (18 damage)
             ... on level 3 of the Dungeon.
             The game lasted 00:24:09 (4729 turns).

HAWKINGL3623 the Shooter (Centaur Hunter)           Turns: 4729, Time: 00:24:09

Health: -16/50     AC:  6    Str: 14    XL:     6   Next: 8%
Magic:  5/5        EV: 10    Int: 10    God:
Gold:   170        SH:  0    Dex: 12    Spells: 0 memorised, 5 levels left

rFire  . . .     SeeInvis .     b - +1 shortbow
rCold  . . .     Clarity  .     d - +0 leather armour
rNeg   . . .     SustAb   .     (no shield)
rPois  .         Gourm    .     (no helmet)
rElec  .         Spirit   .     (no cloak)
rCorr  .         Warding  .     a - +1 pair of gloves
rMut   .         Stasis   .     (no barding)
MR     .....                    (no amulet)
Stlth  +.........               (no ring)
                                e - ring of invisibility

@: very quick, not resistant to hostile enchantments, very unstealthy
A: hooves 3, deformed body, speed 2, tough skin 3
a: Evoke Invisibility


You were on level 3 of the Dungeon.
You were not hungry.

You visited 1 branch of the dungeon, and saw 4 of its levels.

You collected 170 gold pieces.

Inventory:

Hand weapons
 b - a +1 shortbow (weapon)
 l - a +2 rapier of venom
Missiles
 c - 20 arrows (quivered)
 k - 5 tomahawks of returning
Armour
 a - a +1 pair of gloves (worn)
 d - a +0 leather armour (worn)
Jewellery
 e - a ring of invisibility (left hand)
Scrolls
 g - a scroll of teleportation
 i - 3 scrolls of identify
 m - a scroll of amnesia
Potions
 h - 2 potions of heal wounds
 j - 2 potions of curing
Comestibles
 f - 3 bread rations
 n - a meat ration


   Skills:
 + Level 2.6 Fighting
 + Level 1.7 Short Blades
 + Level 6.5 Bows
 + Level 1.0 Throwing
 + Level 1.9 Armour
 + Level 2.7 Dodging
 + Level 0.7 Stealth


You had 5 spell levels left.
You didn't know any spells.

Dungeon Overview and Level Annotations

Branches:
Dungeon (4/15)
 Temple: D:4-7

Altars:

Annotations:
D:3 KappaTini's ghost, average TrBe
D:4 Eustachio; HAWKINGL3623's ghost, experienced HuFi


Innate Abilities, Weirdness & Mutations

You have hooves in place of feet.
Armour fits poorly on your strangely shaped body.
You cover ground very quickly.
You have extremely tough skin (AC +3).


Message History

Press: ? - help, Shift-Dir - straight line, f/p - KappaTini's ghost
Aim: KappaTini's ghost, wielding a weapon of electrocution (moderately damaged)
You shoot an arrow. The arrow hits KappaTini's ghost.
KappaTini's ghost is moderately damaged.
KappaTini's ghost says very slowly, "There's no hope."
Firing (i - inventory. (,) - cycle):
c - 22 arrows (quivered)
Press: ? - help, Shift-Dir - straight line, f/p - KappaTini's ghost
Aim: KappaTini's ghost, wielding a weapon of electrocution (moderately damaged)
You shoot an arrow.
The arrow hits KappaTini's ghost but does no damage.
KappaTini's ghost is moderately damaged.
Firing (i - inventory. (,) - cycle):
c - 21 arrows (quivered)
Press: ? - help, Shift-Dir - straight line, f/p - KappaTini's ghost
Aim: KappaTini's ghost, wielding a weapon of electrocution (moderately damaged)
You shoot an arrow. The arrow hits KappaTini's ghost.
KappaTini's ghost is heavily damaged.
KappaTini's ghost hits you!
* * * LOW HITPOINT WARNING * * *
You are electrocuted!
You die...

........##########.#
........'...)....#)#
........########.#.####
........# #.#.#..#
........########.#.#..#
##...###...))....#.#..#
#.#.###.#########.#..#
#.#.....# #.W.#.#..#
##.###########.#@#.#..#
>#.#.....((....#<#<#..#
##.#.###############..##
#.#.....(....(..(.(...#
#.##################.##
#.# #.# #.##### #(#
#.....# #.# #####.# #.#


You could see KappaTini's ghost.

Vanquished Creatures
  A hound (D:3)
  An orc priest (D:3)
  An iguana (D:4)
  4 adders
  4 gnolls (D:4)
  A giant mite (D:2)
  The ghost of screeeopia the Ruffian, a weakling VSMo (D:3)
  5 giant geckos
  An ooze (D:1)
  14 orcs (D:3)
  14 bats
  2 giant cockroaches (D:1)
  10 goblins
  10 hobgoblins
  7 kobolds
  A quokka (D:2)
  A ball python (D:3)
  5 giant newts
  4 jackals
  8 rats
95 creatures vanquished.

Vanquished Creatures (others)
  A fungus (D:1)
1 creature vanquished.

Grand Total: 96 creatures vanquished

Notes
Turn   | Place    | Note
--------------------------------------------------------------
     0 | D:1      | HAWKINGL3623, the Centaur Hunter, began the quest for the Orb.
     0 | D:1      | Reached XP level 1. HP: 17/17 MP: 1/1
    87 | D:1      | Reached XP level 2. HP: 11/24 MP: 2/2
   232 | D:1      | You fall through a shaft!
   400 | D:2      | Reached skill level 6 in Bows
   694 | D:2      | Reached XP level 3. HP: 14/29 MP: 3/3
  2158 | D:1      | Reached XP level 4. HP: 33/36 MP: 3/3
  2565 | D:3      | Noticed KappaTini's ghost (average TrBe)
  2978 | D:3      | Reached skill level 1 in Short Blades
  3118 | D:3      | Reached skill level 1 in Armour
  3621 | D:3      | Noticed screeeopia's ghost (weakling VSMo)
  3636 | D:3      | Killed screeeopia's ghost
  3915 | D:3      | Reached XP level 5. HP: 34/42 MP: 4/4
  4092 | D:4      | Noticed HAWKINGL3623's ghost (experienced HuFi)
  4258 | D:4      | Reached skill level 1 in Throwing
  4584 | D:4      | Noticed an ogre
  4642 | D:4      | Noticed Eustachio
  4677 | D:3      | Reached XP level 6. HP: 5/50 MP: 5/5
  4729 | D:3      | HP: 2/50 [KappaTini's ghost (9)]
  4729 | D:3      | Demolished by KappaTini's ghost

Action                   |  1- 3 |  4- 6 || total
-------------------------+-------+-------++-------
Melee: Short sword       |   107 |    49 ||   156
       Rapier            |       |    90 ||    90
 Fire: Shortbow          |    57 |    12 ||    69
Throw: Tomahawk          |       |     5 ||     5
  Use: Potion            |     5 |     1 ||     6
       Scroll            |     7 |     2 ||     9
  Eat: Chunk             |     3 |     3 ||     6
       Bread ration      |       |     1 ||     1
